 Dungeon Crawl Stone Soup version 0.18-a0-912-g81d1dc4 (webtiles) character file.

2114 filipzpl the Fighter (level 9, -3/62 HPs)
             Began as a Gargoyle Berserker on Dec 25, 2015.
             Was a Priest of Trog.
             Killed from afar by an orc wizard (9 damage)
             ... with a puff of frost
             ... on level 4 of the Dungeon.
             The game lasted 00:13:21 (5218 turns).

filipzpl the Fighter (Gargoyle Berserker)           Turns: 5218, Time: 00:13:21

Health: -3/62      AC: 14    Str: 23    XL:     9   Next: 29%
Magic:  9/9        EV: 10    Int:  9    God:    Trog [***...]
Gold:   255        SH:  3    Dex:  9    Spells: 0 memorised, 8 levels left

rFire  . . .     SeeInvis .     p - +0 flail
rCold  . . .     Gourm    .     u - +0 scale mail {MR+}
rNeg   + . .     Faith    .     (no shield)
rPois  ∞         Spirit   .     k - +0 helmet
rElec  +         Dismiss  .     f - +0 cloak
rCorr  .         Reflect  +     (no gloves)
SustAt .         Harm     .     (no boots)
MR     +....                    e - +3 amulet of reflection
Stlth  ..........               (no ring)
                                (no ring)

@: somewhat resistant to hostile enchantments, extremely unstealthy
A: negative energy resistance 1, electricity resistance, unbreathing,
petrification resistance, rot immunity, AC +5
a: Berserk, Trog's Hand, Burn Spellbooks, Renounce Religion


You were on level 4 of the Dungeon.
You worshipped Trog.
Trog was most pleased with you.
You were not hungry.

You visited 1 branch of the dungeon, and saw 5 of its levels.

You collected 255 gold pieces.

Inventory:

Hand Weapons
 p - a +0 flail (weapon)
Armour
 f - a +0 cloak (worn)
 k - a +0 helmet (worn)
 m - a +0 scale mail
 u - a +0 scale mail of magic resistance (worn)
Jewellery
 e - a +3 amulet of reflection (around neck)
Wands
 n - a wand of frost (13/48)
 A - a wand of polymorph (24/24)
 B - a wand of random effects (23/48)
 C - a wand of lightning (9/15)
Scrolls
 b - a scroll of fog {unknown}
 i - a scroll of enchant armour {unknown}
 l - a scroll of teleportation
 o - 2 scrolls of remove curse
 t - 2 scrolls of recharging
 y - a scroll of enchant weapon {unknown}
 D - 2 scrolls of identify
Potions
 a - a potion of invisibility {unknown}
 c - a potion of haste {unknown}
 g - a potion of resistance {unknown}
 j - 3 potions of curing {unknown}
 q - a potion of poison {unknown}
 r - a potion of heal wounds {unknown}
 s - a potion of agility {unknown}
 w - a potion of brilliance {unknown}
 z - 2 potions of magic {unknown}
Comestibles
 d - a meat ration
 h - a royal jelly
 v - 2 fruits
 x - a bread ration


   Skills:
 * Level 9.8 Fighting
 * Level 9.0 Maces & Flails
 - Level 2.1 Armour
 - Level 1.5 Dodging


You had 8 spell levels left.
You didn't know any spells.

Dungeon Overview and Level Annotations

Branches:
Dungeon (5/15)
 Temple: D:4-7

Altars:
Ashenzari
Fedhas
Okawaru
Qazlal
Ru
The Shining One


Innate Abilities, Weirdness & Mutations

You are resistant to torment.
Your stone body is resilient (AC +5).
You are immune to poison.
You resist negative energy.
You are resistant to electric shocks.
You can survive without breathing.
You are immune to petrification.
You are immune to rotting.


Message History

You thump the scorpion!
The scorpion is severely wounded.
The scorpion stings you but does no damage.
You thump the scorpion!
You kill the scorpion!
Trog accepts your kill. Something hits you but does no damage.
You start resting.
An orc wizard appears from thin air!
Reactivating autopickup.
The orc wizard barely misses you.
You hit the orc wizard but do no damage.
The orc wizard closely misses you.
You closely miss the orc wizard.
The orc wizard is no longer moving quickly.
The orc wizard casts a spell at you. The puff of flame hits you!
The orc wizard barely misses you.
You closely miss the orc wizard.
The orc wizard gestures at you while chanting.
The puff of frost hits you!
You die...

...#.....)........#...(......###.
...##.........##.............##..
#.####...#...........####.......#
...###...#.........### #......##
....#...#....####..# #........
...........### #..## #...#....
####......## ##...#####....[..#
###........### #..#...##.......##
#......##....###@##.......###..#
.......#####...o###.>...### ##.##
.#...#..# ##...###...s.# #...
##..##..# #....##....## ##...
#..###.## #..#.......# ##....
##.## #..####..#.......#####.....
#..## ##.#...............##.....#
#...####..........###...........#
............###...# ##..##......#


You could see an orc wizard.

Vanquished Creatures
  Pikel (D:5)
  The ghost of braks the Sneak, a novice FoMo (D:5)
  Grinder (D:3)
  Duvessa (D:5)
  A slave (D:5)
  2 phantoms (D:4)
  An ogre (D:4)
  3 scorpions
  A quasit (D:5)
  2 hounds
  A crimson imp (D:4)
  2 orc priests
  3 iguanas
  3 orc wizards
  3 worker ants
  A worker ant zombie (D:5)
  3 gnolls (D:2)
  5 adders
  2 worms
  A giant gecko (D:3)
  17 orcs
  5 goblins
  4 hobgoblins
  A quokka (D:3)
  3 ball pythons
  9 bats
  4 giant cockroaches
  7 giant newts
  4 jackals (D:4)
  7 kobolds
  10 rats
109 creatures vanquished.

Vanquished Creatures (others)
  2 slaves (D:5)
  A centaur (D:5)
  Dowan (D:5)
  A crimson imp (D:5)
  A giant gecko zombie (D:5)
6 creatures vanquished.

Grand Total: 115 creatures vanquished

Notes
Turn   | Place    | Note
--------------------------------------------------------------
     0 | D:1      | filipzpl the Gargoyle Berserker began the quest for the Orb.
     0 | D:1      | Reached XP level 1. HP: 14/14 MP: 1/1
   121 | D:1      | Reached XP level 2. HP: 12/19 MP: 2/2
   678 | D:2      | Reached skill level 4 in Fighting
   678 | D:2      | Reached XP level 3. HP: 19/24 MP: 3/3
   707 | D:2      | Reached ** piety under Trog
   973 | D:2      | Reached XP level 4. HP: 7/30 MP: 4/4
  2158 | D:3      | Reached XP level 5. HP: 34/34 MP: 5/5
  2540 | D:3      | Noticed Grinder
  2554 | D:3      | Killed Grinder
  2554 | D:3      | Reached skill level 5 in Fighting
  2554 | D:3      | Reached skill level 5 in Maces & Flails
  2554 | D:3      | Reached XP level 6. HP: 41/41 MP: 6/6
  2585 | D:3      | Reached *** piety under Trog
  2585 | D:3      | Reached skill level 6 in Fighting
  2921 | D:4      | Reached XP level 7. HP: 20/46 MP: 7/7
  3535 | D:4      | Reached skill level 7 in Fighting
  3986 | D:4      | Found a sacrificial altar of Ru.
  4023 | D:4      | Reached XP level 8. HP: 40/53 MP: 8/8
  4543 | D:5      | Entered Level 5 of the Dungeon
  4567 | D:5      | Noticed Pikel
  4577 | D:5      | Killed Pikel
  4577 | D:5      | Reached skill level 8 in Fighting
  4630 | D:5      | Killed Dowan
  4813 | D:5      | Noticed braks's ghost (novice FoMo)
  4829 | D:5      | Killed braks's ghost
  4829 | D:5      | Reached skill level 9 in Fighting
  4829 | D:5      | Reached XP level 9. HP: 44/61 MP: 9/9
  4945 | D:5      | Noticed Duvessa
  4954 | D:5      | Killed Duvessa
  5082 | D:5      | Found an iron altar of Okawaru.
  5084 | D:5      | Found a blossoming altar of Fedhas.
  5084 | D:5      | Found a shattered altar of Ashenzari.
  5084 | D:5      | Found a glowing golden altar of the Shining One.
  5089 | D:5      | Found a stormy altar of Qazlal.
  5218 | D:4      | Killed from afar by an orc wizard

Vault maps used:
D:1:      dpeg_arrival_arbitrary_c
D:2:      serial_bayou_lagoon_b
D:3:      first_bread, uniq_grinder
D:4:      lemuel_round_altar, minmay_hedge_maze
D:5:      minitemple, uniq_pikel, uniq_duvessa

Action                   |  1- 3 |  4- 6 |  7- 9 || total
-------------------------+-------+-------+-------++-------
Melee: Mace              |    97 |    55 |       ||   152
       Flail             |       |    89 |   284 ||   373
Invok: Berserk           |     1 |     2 |     2 ||     5
  Use: Scroll            |     3 |     1 |     5 ||     9
  Eat: Bread ration      |       |     2 |     1 ||     3
       Chunk             |       |     1 |       ||     1
       Fruit             |       |       |     1 ||     1
       Meat ration       |       |       |     1 ||     1
       Beef jerky        |       |       |     1 ||     1
